 Dungeon Crawl Stone Soup version 0.19.0-2-gae57169 (webtiles) character file.

240 Guinours the Poker (level 6, -7/46 HPs)
             Began as a Merfolk Gladiator on Nov 3, 2016.
             Was an Initiate of Okawaru.
             Mangled by an ogre
             ... wielding a +0 giant club
              (20 damage)
             ... on level 4 of the Dungeon.
             The game lasted 00:18:59 (3201 turns).

Guinours the Poker (Merfolk Gladiator)              Turns: 3201, Time: 00:18:59

Health: -7/46      AC:  4    Str: 16    XL:     6   Next: 8%
Magic:  6/6        EV: 14    Int:  8    God:    Okawaru [......]
Gold:   223        SH:  0    Dex: 15    Spells: 0 memorised, 5 levels left

rFire  . . .     SeeInvis .     a - +0 trident
rCold  . . .     Gourm    .     b - +0 leather armour
rNeg   . . .     Faith    .     (no shield)
rPois  .         Spirit   .     c - +0 helmet
rElec  .         Reflect  .     (no cloak)
rCorr  .         Harm     .     (no gloves)
MR     .....                    (no boots)
Stlth  ++........               (no amulet)
                                (no ring)
                                (no ring)

@: no status effects
A: change form in water, swift swim, stealthy swim
a: Renounce Religion


You were on level 4 of the Dungeon.
You worshipped Okawaru.
Okawaru was noncommittal.
You were not hungry.

You visited 1 branch of the dungeon, and saw 4 of its levels.

You collected 223 gold pieces.

Inventory:

Hand Weapons
 a - a +0 trident (weapon)
Missiles
 d - 3 throwing nets
 h - 193 stones (quivered)
 o - 29 sling bullets
Armour
 b - a +0 leather armour (worn)
 c - a +0 helmet (worn)
Wands
 j - a wand of iceblast (9/15)
 k - a wand of flame (8/48)
Scrolls
 e - a scroll of fog
 m - a scroll of identify
 n - a scroll of remove curse
 p - a scroll of noise {unknown}
 s - a scroll of random uselessness {unknown}
 t - a scroll of immolation {unknown}
 u - a scroll of teleportation {unknown}
 v - a scroll of magic mapping
Potions
 l - 2 potions of flight
 q - 2 potions of haste {unknown}
Comestibles
 f - 4 bread rations
 g - 4 fruits
 i - 3 beef jerkies
 r - a meat ration
 w - a royal jelly


   Skills:
 + Level 2.9 Fighting
 + Level 7.1 Polearms
 + Level 2.2 Throwing
 + Level 1.6 Armour
 + Level 5.0 Dodging
 + Level 1.2 Stealth


You had 5 spell levels left.
You didn't know any spells.

Dungeon Overview and Level Annotations

Branches:
Dungeon (4/15)
 Temple: D:4-7

Altars:
Hepliaklqana
Okawaru


Message History

The ogre closely misses you.
You hit the ogre.
The ogre is lightly wounded.
You barely miss the ogre.
The ogre is lightly wounded.
The ogre misses you.
You barely miss the ogre.
The ogre is lightly wounded.
The ogre hits you with a giant club!!
Ouch! That really hurt!
You hit the ogre but do no damage.
The ogre is lightly wounded.
You barely miss the ogre.
The ogre is lightly wounded.
The ogre hits you with a giant club.
* * * LOW HITPOINT WARNING * * *
You puncture the ogre!
The ogre is moderately wounded.
The ogre hits you with a giant club!!
You die...

.# #. ###.## #.
...... ########
#.# #....#
.......# ..
.....## .......#
#<. .......
.......#
#.###.....#
.......#
#...@O....#
.......##
##..###....#
........# #...#
...# ........##
#...# ###
.....)...# #...#
########.###..##
#####..##..#####
..................
#######.##..##.#.#


You could see an ogre.

Vanquished Creatures
  Natasha (thrice) (D:3)
  Terence (D:3)
  3 adders (D:3)
  A river rat (D:3)
  2 oozes
  2 worms (D:2)
  A dart slug (D:1)
  3 leopard geckos
  4 orcs (D:3)
  6 bats
  5 giant cockroaches
  10 goblins
  5 hobgoblins
  10 jackals
  5 kobolds
  A quokka (D:3)
  A ball python (D:3)
  4 frilled lizards
  11 rats
78 creatures vanquished.

Notes
Turn   | Place    | Note
-------+----------+-------------------------------------------
     0 | D:1      | Guinours the Merfolk Gladiator began the quest for the Orb.
     0 | D:1      | Reached XP level 1. HP: 16/16 MP: 1/1
   154 | D:1      | Reached XP level 2. HP: 22/22 MP: 2/2
   694 | D:1      | Reached XP level 3. HP: 28/28 MP: 3/3
   724 | D:2      | Reached skill level 5 in Polearms
   855 | D:2      | Found an iron altar of Okawaru.
   866 | D:2      | Became a worshipper of Warmaster Okawaru
  1126 | D:2      | Reached XP level 4. HP: 24/34 MP: 4/4
  1439 | D:3      | Reached skill level 1 in Armour
  1668 | D:3      | Noticed Terence
  1685 | D:3      | Killed Terence
  1688 | D:3      | Reached skill level 6 in Polearms
  1714 | D:3      | Noticed Natasha
  1753 | D:3      | Killed Natasha
  1753 | D:3      | Reached skill level 1 in Stealth
  1753 | D:3      | Reached XP level 5. HP: 12/39 MP: 5/5
  1888 | D:3      | Noticed Natasha
  1901 | D:3      | Killed Natasha
  2016 | D:3      | Found a glowing drain.
  2416 | D:3      | Noticed Natasha
  2432 | D:3      | Killed Natasha
  2432 | D:3      | Reached skill level 7 in Polearms
  2432 | D:3      | Reached XP level 6. HP: 35/46 MP: 6/6
  2519 | D:3      | Reached skill level 5 in Dodging
  2807 | D:3      | Found a hazy altar of Hepliaklqana.
  3201 | D:4      | Mangled by an ogre

Skill      XL: |  1  2  3  4  5  6 |
---------------+-------------------+-----
Polearms       | 5 6 7 |  7.1
Armour         | 1 |  1.6
Stealth        | 1 |  1.2
Dodging        | 5 |  5.0
Fighting       | |  2.9
Throwing       | |  2.2

Action                   |  1- 3 |  4- 6 || total
-------------------------+-------+-------++-------
Melee: Trident           |    95 |   194 ||   289
  Use: Scroll            |     2 |     6 ||     8
       Potion            |       |     2 ||     2
 Stab: Sleeping          |       |     1 ||     1
  Eat: Chunk             |     1 |     5 ||     6
       Fruit             |       |     2 ||     2
Armor: Leather armour    |    30 |    35 ||    65
       Skin              |       |     8 ||     8
Dodge: Dodged            |    70 |   131 ||   201
